 Dungeon Crawl Stone Soup version 0.29-a0-901-g46a8461d6a (webtiles) character file.

Game seed: 17020361709014473851

165 HoaS the Shooter (level 5, -4/30 HPs)
             Began as a Gargoyle Hunter on July 23, 2022.
             Splashed by a jelly's acid (8 damage)
             ... in a sewer.
             The game lasted 00:03:43 (1650 turns).

HoaS the Shooter (Gargoyle Hunter)                  Turns: 1650, Time: 00:03:43

Health: -4/30      AC: -3    Str: 14    XL:     5   Next: 46%
Magic:  5/5        EV: 11    Int: 10    God:
Gold:   81         SH:  0    Dex: 15    Spells: 4/4 levels left

rFire   . . .      SeeInvis .   a - +0 shortbow
rCold   . . .      Faith    .   (shield currently unavailable)
rNeg    + . .      Spirit   .   c - +1 leather armour
rPois   ∞          Reflect  .   (no helmet)
rElec   +          Harm     .   f - +0 cloak
rCorr   .          Rampage  .   (no gloves)
Will    .....                   (no boots)
Stlth   ++........              (no amulet)
HPRegen 0.10/turn               (no ring)
MPRegen 0.09/turn               (no ring)

@: corroded
A: sickness immunity, AC +4, negative energy resistance 1, electricity
resistance, torment resistance 1, petrification resistance
a: no special abilities


You were in a sewer.
You visited 1 branch of the dungeon, and saw 3 of its levels.
You also visited: Sewer.

You collected 81 gold pieces.

Inventory:

Hand Weapons
 a - a +0 shortbow (weapon)
Armour
 c - a +1 leather armour (worn)
 f - a +0 cloak (worn)
Scrolls
 b - 2 scrolls of immolation
Potions
 d - 2 potions of curing {unknown}
 e - 3 potions of flight
 g - a potion of attraction
 h - a potion of lignification {unknown}
 i - a potion of mutation {unknown}


   Skills:
 - Level 2.1 Fighting
 + Level 6.5 Ranged Weapons
 - Level 1.5 Dodging
 - Level 1.1 Stealth


You had 4 spell levels left.
You didn't know any spells.
Your spell library contained the following spells:

 Spells                   Type           Power      Damage    Failure   Level
 Inner Flame              Hex/Fire       0%         N/A       82%         3
 Summon Guardian Golem    Hex/Summ       0%         N/A       82%         3
 Cause Fear               Hex            0%         N/A       99%         4
 Orb of Destruction       Conj           0%         9d5       100%        7
 Spellforged Servitor     Conj/Summ      0%         N/A       100%        7
 Discord                  Hex            0%         N/A       100%        8


Dungeon Overview and Level Annotations

Branches:
Dungeon (3/15)              Sewer (1/1)

Altars:


Innate Abilities, Weirdness & Mutations

You are immune to sickness and miasma.
Your stone body is resilient. (AC +4)
You are immune to poison.
You resist negative energy. (rN+)
You are resistant to electric shocks. (rElec)
You are resistant to unholy torment.
You are immune to petrification.


Message History

The jelly jiggles.
The adder bites you but does no damage.
You shoot an arrow. The arrow barely misses the adder.
The adder bites you but does no damage. x2
You shoot an arrow. The arrow closely misses the adder.
The arrow hits the frilled lizard but does no damage.
The adder barely misses you.
A rat comes into view.
The jelly attacks as you move away! The jelly hits you but does no damage.
You shoot an arrow. The arrow barely misses the adder.
The adder bites you but does no damage. x2; The jelly closely misses you.
The frilled lizard bites you but does no damage.
The adder attacks as you move away! The adder misses you.
The adder barely misses you. The adder attacks as you move away!
The adder bites you but does no damage.
You enter the shallow water.
Moving in this stuff is going to be slow.
The adder barely misses you. The adder bites you but does no damage.
The frilled lizard closely misses you.
You shoot an arrow. The arrow hits the adder.
The adder is almost dead.
The adder completely misses you. The frilled lizard misses you.
The adder bites you but does no damage.
You shoot an arrow. The arrow hits the adder!
You kill the adder!
The frilled lizard bites you but does no damage.
You shoot an arrow. The arrow hits the jelly.
The jelly is lightly wounded.
The jelly misses you. The jelly hits you but does no damage.
The frilled lizard barely misses you.
You shoot an arrow. The arrow hits the jelly.
The jelly is moderately wounded.
The jelly barely misses you. The jelly hits you. The acid corrodes you!
You are splashed with acid!
The frilled lizard closely misses you. The jelly hits you.
The acid corrodes you!
You are splashed with acid!
* * * LOW HITPOINT WARNING * * *
The frilled lizard closely misses you. The jelly hits you.
* * * LOW HITPOINT WARNING * * *
The acid corrodes you!
You are splashed with acid!
You die...

##∩≈≈≈.....#≈≈≈# ..
#.≈. #.≈..≈.≈.# .≈≈
#..# ..≈≈...≈#
≈≈≈.##.≈# ##≈.≈†#
#≈≈≈.≈.## ##≈≈..≈##
#......###...≈≈≈†##
####≈.≈.r≈≈.##...≈###
##.≈JlJ≈####≈...≈##
####@.## ##≈≈.≈≈#
#≈≈# ###≈≈≈# #.≈.≈
##..## ##≈≈≈# #...#
##### ##..#
########## #..#
#......≈.# #.≈#
#≈≈≈.≈..≈# #≈.#
#≈.####..# #..#


You could see 2 jellies, a frilled lizard and a rat.

Vanquished Creatures
  A jelly (Sewer)
  A river rat (Sewer)
  5 adders
  A dart slug (D:2)
  10 endoplasms
  6 giant cockroaches
  8 goblins
  4 hobgoblins
  2 kobolds (D:2)
  4 quokkas
  6 ball pythons
  11 bats
  6 frilled lizards
  11 rats
76 creatures vanquished.

Notes
Turn   | Place    | Note
-------+----------+-------------------------------------------
     0 | D:1      | HoaS the Gargoyle Hunter began the quest for the Orb.
     0 | D:1      | Reached XP level 1. HP: 12/12 MP: 1/1
   181 | D:1      | Reached XP level 2. HP: 12/17 MP: 2/2
   869 | D:1      | Reached XP level 3. HP: 21/21 MP: 3/3
   971 | D:2      | Reached skill level 5 in Ranged Weapons
  1038 | D:2      | Reached XP level 4. HP: 26/26 MP: 4/4
  1427 | D:3      | Found a glowing drain.
  1442 | Sewer    | Entered a sewer
  1473 | Sewer    | Reached skill level 6 in Ranged Weapons
  1511 | Sewer    | Reached XP level 5. HP: 30/30 MP: 5/5
  1650 | Sewer    | Splashed by a jelly's acid

Illustrated notes

Levels and vault maps discovered:
D:1:      minmay_arrival_three_doors, layout_basic, st_stairs_14,
          minmay_misc_feat_doors
D:2:      layout_basic
D:3:      layout_rooms, demons_altar, chequers_ecumenical_altar_simple_redux,
          portal_sewer_entry_f, gammafunk_ghost_split,
          chequers_serial_rivers_micro_e
Sewer:    sewer_hellmonk_slimy_pipes

Skill      XL: |  1  2  3  4 |
---------------+-------------+-----
Ranged Weapons | 5 6 |  6.5
Fighting       | |  2.1
Dodging        | |  1.5
Stealth        | |  1.1

Action                   |  1- 3 |  4- 6 || total
-------------------------+-------+-------++-------
 Fire: Shortbow          |   104 |   103 ||   207
  Use: Scroll            |     3 |       ||     3
Armor: Leather armour    |    19 |    31 ||    50
Dodge: Dodged            |    44 |    38 ||    82

Table legend: (Time is in decaauts)
 A = Elapsed time spent in this place.
 B = Non-inter-level travel time spent in this place.
 C = Inter-level travel time spent in this place.
 D = Time resting spent in this place.
 E = Time spent auto-exploring this place.
 F = Levels seen in this place.
 G = Mean time per level.
                   A        B        C        D        E       F      G
               +--------+--------+--------+--------+--------+-----+--------+
         Total |   1720 |   1694 |     26 |    459 |    847 |   4 |  430.0 |
       Dungeon |   1488 |   1462 |     26 |    397 |    777 |   3 |  496.0 |
         Sewer |    231 |    231 |      0 |     62 |     70 |   1 |  231.0 |
               +--------+--------+--------+--------+--------+-----+--------+

Top non-repeatable levels by time:
     D:1: 960 daAuts
     D:2: 498 daAuts
   Sewer: 231 daAuts
     D:3: 29 daAuts
